 Dungeon Crawl Stone Soup version 0.24.0-41-g2ae2f7f1be (webtiles) character file.

Game seed: 17557531633071060276, levelgen mode: deterministic

748 ReteAZ the Ruffian (level 7, -16/65 HPs)
             Began as a Troll Arcane Marksman on Dec 12, 2019.
             Demolished by Pikel
             ... wielding a +1 whip of electrocution
              (17 damage)
             ... on level 4 of the Dungeon.
             The game lasted 00:05:55 (3022 turns).

ReteAZ the Ruffian (Troll Arcane Marksman)          Turns: 3022, Time: 00:05:57

Health: -16/65     AC:  6    Str: 19    XL:     7   Next: 48%
Magic:  7/7        EV: 10    Int: 11    God:
Gold:   93         SH:  0    Dex: 10    Spells: 7/8 levels left

rFire    . . .     SeeInvis .     - Unarmed
rCold    . . .     Gourm    +   (no shield)
rNeg     . . .     Faith    .   a - +0 robe
rPois    +         Spirit   .   (helmet restricted)
rElec    .         Reflect  .   (no cloak)
rCorr    .         Harm     .   (gloves unavailable)
MR       .....                  (boots unavailable)
Stlth    ..........             (no amulet)
HPRegen  0.60/turn              r - ring of attention (curse)
MPRegen  0.10/turn              m - ring of poison resistance

@: no status effects
A: large, unfitting armour, claws 3, fast metabolism 3, gourmand, regeneration
1, shaggy fur 1, tough skin 3
a: no special abilities


You were on level 4 of the Dungeon.
You were very full.

You visited 1 branch of the dungeon, and saw 4 of its levels.

You collected 93 gold pieces.

Inventory:

Missiles
 c - 2 large rocks (quivered)
 d - 3 throwing nets
 i - 84 stones
 u - 3 boomerangs
 v - a javelin
Armour
 a - a +0 robe (worn)
Jewellery
 m - a ring of poison resistance (right claw)
 r - a cursed ring of attention (left claw)
Scrolls
 e - 2 scrolls of identify {unknown}
 h - 2 scrolls of teleportation {unknown}
 j - a scroll of fog {unknown}
 k - 3 scrolls of noise {unknown}
 n - a scroll of random uselessness {unknown}
 o - a scroll of immolation {unknown}
 p - a scroll of blinking {unknown}
 s - 3 scrolls of magic mapping {unknown}
Potions
 b - 2 potions of resistance {unknown}
 g - 3 potions of flight {unknown}
 l - 4 potions of curing {unknown}
 q - a potion of haste {unknown}
Comestibles
 f - 6 rations
 t - 13 chunks of flesh


   Skills:
 + Level 2.3 Fighting
 - Level 1.7 Throwing
 + Level 2.0 Armour
 - Level 1.5 Dodging
 + Level 7.2 Unarmed Combat
 - Level 1.0 Spellcasting
 - Level 2.0 Hexes


You had 7 spell levels left.
You knew the following spells:

 Your Spells              Type           Power        Failure   Level  Hunger
a - Corona                Hex            #......      14%         1    ##.....

Your spell library contained the following spells:

 Spells                   Type           Power        Failure   Level  Hunger
 Slow                     Hex            #.......     22%         2    ###....
 Beastly Appendage        Tmut           #.....       32%         1    ##.....
 Sticks to Snakes         Tmut           #.......     43%         2    ###....
 Inner Flame              Hex/Fire       #.......     54%         3    ####...
 Portal Projectile        Hex/Tloc       #.....       54%         3    ####...
 Spider Form              Tmut/Pois      #.........   67%         3    ####...
 Cause Fear               Hex            #.........   80%         4    #####..
 Leda's Liquefaction      Hex/Erth       #.........   91%         4    #####..
 Ice Form                 Ice/Tmut       #.......     97%         4    #####..
 Blade Hands              Tmut           #.........   100%        5    ######.


Dungeon Overview and Level Annotations

Branches:
Dungeon (4/15)             Temple (0/1) D:4

Altars:
Gozag
Okawaru
Qazlal
Zin

Annotations:
D:4 Pikel


Innate Abilities, Weirdness & Mutations

You are too large for most types of armour.
You have claws for hands.
Your metabolism is lightning-fast.
You like to eat raw meat.
Your natural rate of healing is unusually fast.
You are covered in fur. (AC +1)
You have extremely tough skin. (AC +3)


Message History

Press: ? - help, Shift-Dir - straight line, f - Pikel
Aim: Pikel, wielding a +1 whip of electrocution and wearing a +0 robe (heavily wounded)
You throw a large rock. The large rock closely misses Pikel.
The large rock closely misses the slave.
The large rock barely misses the slave.
Pikel hits you with a +1 whip of electrocution.
* * * LOW HITPOINT WARNING * * *
Pikel hits you with a +1 whip of electrocution.
* * * LOW HITPOINT WARNING * * *
Throwing (i - inventory. (/) - cycle)
c - 3 large rocks (quivered)
Press: ? - help, Shift-Dir - straight line, f/p - Pikel
Aim: Pikel, wielding a +1 whip of electrocution and wearing a +0 robe (heavily wounded)
You throw a large rock. The large rock closely misses Pikel.
The large rock barely misses the slave. x2
Pikel hits you with a +1 whip of electrocution.
* * * LOW HITPOINT WARNING * * *
You are electrocuted!
* * * LOW HITPOINT WARNING * * *
Pikel hits you but does no damage.
You are electrocuted!
You die...

######## ### ........
#.. ..###### #.# .......
#.# ......≈≈≈≈≈. #.#
#....≈≈≈≈≈≈≈≈ # #.#
#..≈≈≈≈≈≈≈≈≈≈ #
#!#####.# #.≈≈≈≈≈≈...≈≈
.. .%.##@#
##.≈≈≈≈≈≈.>.≈≈
#.##.##K###..≈≈≈≈≈≈...≈≈
#..p..ppp....≈≈≈≈≈≈≈≈≈≈≈
####...p......≈≈≈≈≈≈≈≈≈≈
####.####....≈≈≈≈≈≈≈≈
#.####).....≈≈≈≈≈.
#.##..............
#(#.##.(##..#.#.## #..
#.#.##.#.....


You could see Pikel and 4 slaves.

Vanquished Creatures
  Eustachio (D:4)
  An ogre (D:4)
  A vampire bat (D:3)
  2 hounds (D:4)
  An orc priest (D:4)
  A bullfrog skeleton (D:4)
  An iguana (D:3)
  An orc wizard (D:4)
  5 worker ants
  4 gnolls (D:3)
  2 adders (D:2)
  2 worms (D:2)
  3 dart slugs
  4 leopard geckos
  12 orcs
  4 ball pythons
  20 bats
  5 giant cockroaches
  5 goblins
  9 hobgoblins
  8 jackals
  4 quokkas
  5 frilled lizards
  7 kobolds
  6 rats
114 creatures vanquished.

Notes
Turn   | Place    | Note
-------+----------+-------------------------------------------
     0 | D:1      | ReteAZ the Troll Arcane Marksman began the quest for the
                  | Orb.
     0 | D:1      | Reached XP level 1. HP: 18/18 MP: 1/1
    89 | D:1      | Reached skill level 1 in Unarmed Combat
   288 | D:1      | Reached XP level 2. HP: 20/26 MP: 2/2
   375 | D:1      | Reached skill level 2 in Unarmed Combat
  1048 | D:2      | Reached XP level 3. HP: 24/32 MP: 3/3
  1148 | D:2      | Reached skill level 3 in Unarmed Combat
  1398 | D:2      | Reached XP level 4. HP: 40/40 MP: 4/4
  1537 | D:2      | Reached skill level 4 in Unarmed Combat
  1966 | D:3      | Reached XP level 5. HP: 35/46 MP: 5/5
  1974 | D:3      | Reached skill level 5 in Unarmed Combat
  2319 | D:3      | Found a glowing silver altar of Zin.
  2330 | D:3      | Found an opulent altar of Gozag.
  2431 | D:3      | Reached XP level 6. HP: 54/54 MP: 6/6
  2606 | D:4      | Reached skill level 6 in Unarmed Combat
  2635 | D:4      | Found a staircase to the Ecumenical Temple.
  2652 | D:4      | Found a stormy altar of Qazlal.
  2664 | D:4      | Found an iron altar of Okawaru.
  2733 | D:4      | Noticed Eustachio
  2761 | D:4      | Killed Eustachio
  2761 | D:4      | Reached skill level 1 in Fighting
  2761 | D:4      | Reached skill level 1 in Armour
  2761 | D:4      | Reached XP level 7. HP: 33/62 MP: 7/7
  2871 | D:4      | Reached skill level 7 in Unarmed Combat
  2999 | D:4      | Noticed Pikel
  3022 | D:4      | HP: 1/65 [Pikel/+1 whip of electrocution (11)]
  3022 | D:4      | Demolished by Pikel

Levels and vault maps discovered:
D:1:      lemuel_arrival_lava_pool, layout_basic, patterned_corridor
D:2:      layout_loops_ring, fountainhead
D:3:      layout_basic, zin_statuary, minmay_misc_feat_roman,
          corexii_hall_statues_i, hangedman_feature_mirror, roderic_batcave,
          minmay_misc_feat_nine_boxes, grunt_gozag_statues
D:4:      layout_loops_ring, lemuel_crystal_altar, okawaru_trees_2,
          amethyst_overflow_temple_binary, marbit_many_paths, temple_pool_b,
          first_ration, uniq_pikel, uniq_eustachio

Skill      XL: |  1  2  3  4  5  6  7 |
---------------+----------------------+-----
Unarmed Combat | 1 2 3 4 5 6 7 |  7.2
Fighting       | 1 2 |  2.3
Armour         | 1 2 |  2.0
Throwing       | |  1.7
Dodging        | |  1.5
Spellcasting   | |  1.0
Hexes          | |  2.0

Action                   |  1- 3 |  4- 6 |  7- 9 || total
-------------------------+-------+-------+-------++-------
Melee: Unarmed           |   104 |   207 |    49 ||   360
       Punch             |     2 |     2 |     3 ||     7
Throw: Javelin           |       |       |     2 ||     2
       Large rock        |       |       |     2 ||     2
 Stab: Sleeping          |     1 |     1 |       ||     2
  Eat: Chunk             |    18 |    12 |     3 ||    33
Armor: Robe              |    49 |   107 |    13 ||   169
Dodge: Dodged            |    61 |   121 |    20 ||   202
